 Dungeon Crawl Stone Soup version 0.20.1-1-g8b1a95d (webtiles) character file.

46 Gargoyl the Grave Robber (level 3, 0/14 HPs)
             Began as a Felid Necromancer on July 26, 2017.
             Succumbed to an adder's poison
             ... on level 2 of the Dungeon.
             The game lasted 00:04:26 (2594 turns).

Gargoyl the Grave Robber (Felid Necromancer)        Turns: 2594, Time: 00:04:27

Health: 0/14       AC:  3    Str:  5    XL:     3   Next: 44%
Magic:  1/7        EV: 18    Int: 14    God:
Gold:   101        SH:  0    Dex: 16    Spells: 5/6 levels left
                                        Lives:  0   Deaths: 0

rFire    . . .     SeeInvis +   (weapon unavailable)
rCold    + . .     Gourm    .   (shield unavailable)
rNeg     . . .     Faith    .   (armour unavailable)
rPois    .         Spirit   .   (helmet unavailable)
rElec    .         Reflect  .   (cloak unavailable)
rCorr    .         Harm     .   (gloves unavailable)
MR       .....     Rnd*Tele +   (boots unavailable)
Stlth    +++.......             (no amulet)
Regen    0.1/turn               (no ring)
MPRegen  0.1/turn               (no ring)

@: lethally poisoned (0 -> -5), very slightly contaminated, quick
A: no armour, no weapons or thrown items, stealth, claws 1, fangs 3, iridescent
scales 1, see invisible, carnivore 3, cold resistance 1, dopey 1, speed 1,
shaggy fur 1, slow metabolism 1, teleportitis 1, sharp paws
a: no special abilities


You were on level 2 of the Dungeon.
You were completely stuffed.

You visited 1 branch of the dungeon, and saw 2 of its levels.

You collected 101 gold pieces.

Inventory:

Wands
 f - a wand of random effects (24/48)
Scrolls
 d - 3 scrolls of identify
 e - a scroll of remove curse
Books
 a - a book of Necromancy

   Spells                             Type                      Level
   a - Pain                           Necromancy                   1
   b - Animate Skeleton               Necromancy                   1
   c - Vampiric Draining              Necromancy                   3
   d - Regeneration                   Charms/Necromancy            3
   e - Animate Dead                   Necromancy                   4
   f - Control Undead                 Necromancy                   4
Comestibles
 b - 3 meat rations
 c - a royal jelly


   Skills:
 + Level 3.0 Dodging
 + Level 3.2 Stealth
 + Level 0.8 Unarmed Combat
 + Level 2.2 Spellcasting
 * Level 4.6 Necromancy


You had 5 spell levels left.
You knew the following spells:

 Your Spells              Type           Power        Failure   Level  Hunger
a - Pain                  Necr           ##..         3%          1    #......


Dungeon Overview and Level Annotations

Branches:
Dungeon (2/15)

Altars:
Okawaru
Uskayaw
Zin


Innate Abilities, Weirdness & Mutations

You cannot wear armour.
You are incapable of wielding weapons or throwing items.
Your paws allow you to move quietly. (Stealth)
You have sharp claws.
You have razor-sharp teeth.
You have supernaturally acute eyesight. (SInv)
You are carnivorous and can eat meat at any time.
You cover ground quickly.
You are covered in fur. (AC +1)
You have a slow metabolism.
Your sharp claws are effective at attacking unaware monsters.
You are partially covered in iridescent scales. (AC +2)
Your flesh is cold resistant. (rC+)
You are dopey. (Int -2)
You are occasionally teleported next to monsters.


Message History

You closely miss the leopard gecko.
* * * LOW HITPOINT WARNING * * *
You feel sick. The leopard gecko barely misses you.
You closely miss the leopard gecko. The leopard gecko bites you.
* * * LOW HITPOINT WARNING * * *
You aren't carrying any potions.
You scratch the leopard gecko.
The leopard gecko is heavily wounded.
The leopard gecko misses you.
You scratch the leopard gecko but do no damage.
The leopard gecko is heavily wounded.
* * * LOW HITPOINT WARNING * * *
You feel sick.
The leopard gecko closely misses you. x2
You barely miss the leopard gecko.
The leopard gecko is heavily wounded.
The leopard gecko closely misses you.
You scratch the leopard gecko.
You kill the leopard gecko!
Your Dodging skill increases to level 3!
You die...

.# #########.#
#.......#.#
#######.#####.#.#
#.............#.#
#.#####.####..#.######
#.####..........#
#@#.........## .#
#..#.##.##†#.##..#
#.##.##.##.....# #.
#.##.##...##.... #.
#.##.##...# . #.
#.##......#
#.##.##.##.#.# ..
.#...##.#.#.# #
#.##.##.#.#.# .#


There were no monsters in sight!

Vanquished Creatures
  An adder (D:2)
  A dart slug (D:1)
  2 leopard geckos
  3 giant cockroaches
  3 goblins (D:1)
  6 hobgoblins
  A quokka (D:1)
  A bat (D:1)
  2 frilled lizards (D:1)
  6 kobolds
  5 rats
31 creatures vanquished.

Notes
Turn   | Place    | Note
-------+----------+-------------------------------------------
     0 | D:1      | Gargoyl the Felid Necromancer began the quest for the Orb.
     0 | D:1      | Reached XP level 1. HP: 7/7 MP: 4/4
   643 | D:1      | Reached XP level 2. HP: 6/11 MP: 1/6
  1546 | D:1      | Gained mutation: Your flesh is cold resistant. (rC+) [potion of mutation]
  1546 | D:1      | Gained mutation: You are occasionally teleported next to monsters. [potion of mutation]
  1546 | D:1      | Gained mutation: You are dopey. (Int -2) [potion of mutation]
  1546 | D:1      | Gained mutation: You are partially covered in iridescent scales. (AC +2) [potion of mutation]
  1953 | D:2      | Reached XP level 3. HP: 10/14 MP: 3/7
  2205 | D:2      | Found a hide-covered altar of Uskayaw.
  2209 | D:2      | Found an iron altar of Okawaru.
  2328 | D:2      | Found a glowing silver altar of Zin.
  2594 | D:2      | Succumbed to an adder's poison

Skill      XL: |  1  2  3 |
---------------+----------+-----
Stealth        | 3 |  3.2
Dodging        | 3 |  3.0
Unarmed Combat | |  0.8
Spellcasting   | |  2.2
Necromancy     | |  4.6

Action                   || total
-------------------------++-------
Melee: Unarmed           ||    77
       Bite              ||     3
 Cast: Pain              ||    35
  Use: Scroll            ||     5
       Potion            ||     1
 Stab: Sleeping          ||     3
  Eat: Chunk             ||    11
Armor: Skin              ||     8
Dodge: Dodged            ||    64
